 Dungeon Crawl Stone Soup version 0.22.1-5-g62c59d9 (webtiles) character file.

9606 Tr0llz0r the Carver (level 11, 0/86 HPs)
             Began as a Demonspawn Gladiator on Jan 7, 2019.
             Was a High Priest of Okawaru.
             Slain by Snorg (6 damage)
             ... on level 10 of the Dungeon.
             The game lasted 00:34:31 (9765 turns).

Tr0llz0r the Carver (Demonspawn Gladiator)          Turns: 9765, Time: 00:34:32

Health: 0/86       AC: 21    Str: 18    XL:     11   Next: 25%
Magic:  10/11      EV:  8    Int: 15    God:    Okawaru [*****.]
Gold:   154        SH:  5    Dex: 14    Spells: 10/10 levels left

rFire    . . .     SeeInvis .   w - +2 war axe
rCold    + . .     Gourm    +   p - +0 buckler
rNeg     . . .     Faith    .   A - +0 plate armour
rPois    +         Spirit   .   (helmet restricted)
rElec    .         Reflect  .   O - +0 cloak
rCorr    .         Harm     .   J - +0 pair of gloves
MR       +....                  (no boots)
Stlth    ..........             E - amulet of the gourmand
HPRegen  0.24/turn              (no ring)
MPRegen  0.12/turn              (no ring)

@: brilliant, sanguine armour, very slightly contaminated, slowed, very slow
A: horns 2, cold resistance 1, magic resistance 1, poison resistance, spiny 2,
freezing cloud immunity, sanguine armour 1
a: Heroism, Finesse, Renounce Religion


You were on level 10 of the Dungeon.
You worshipped Okawaru.
Okawaru was extremely pleased with you.
You were not hungry.

You visited 1 branch of the dungeon, and saw 10 of its levels.

You collected 429 gold pieces.
You spent 275 gold pieces at shops.

Inventory:

Hand Weapons
 a - a +1 long sword
 f - a +0 blowgun
 l - a +0 scythe
 m - a cursed -2 dagger
 o - a +0 spear
 r - a cursed +3 hand axe
 s - a +0 shortbow
 w - a +2 war axe (weapon)
 x - a +0 whip of flaming
 B - a +0 halberd
 C - a +4 short sword
 D - a +0 falchion
 G - a +4 short sword
 R - a cursed -1 short sword
Missiles
 c - 59 poisoned needles
 d - 4 throwing nets
 e - 90 bolts
 g - 226 stones (quivered)
 h - 168 arrows
 q - 4 tomahawks
 P - 3 javelins of returning
Armour
 b - a +0 leather armour
 n - a +0 pair of gloves
 p - a +0 buckler (worn)
 y - a +2 robe of positive energy
 A - a +0 plate armour (worn)
 J - a +0 pair of gloves (worn)
 O - a +0 cloak (worn)
Jewellery
 E - an amulet of the gourmand (around neck)
Wands
 t - a wand of paralysis (18)
 F - a wand of polymorph (13)
 I - a wand of flame (25)
 K - a wand of clouds (5)
 M - a wand of digging (13)
 S - a wand of disintegration (10)
Scrolls
 i - 2 scrolls of enchant armour
 k - 6 scrolls of magic mapping
 v - 2 scrolls of remove curse
 z - 5 scrolls of identify
 L - 3 scrolls of blinking
 T - a scroll of enchant weapon
Potions
 j - 2 potions of brilliance
 H - a potion of magic
 Q - a potion of agility
Comestibles
 u - 8 rations


   Skills:
 + Level 7.8 Fighting
 + Level 9.0 Long Blades
 + Level 6.4 Axes
 + Level 2.6 Throwing
 + Level 5.9 Armour
 + Level 6.1 Dodging
 + Level 4.4 Stealth
 + Level 3.2 Shields
 + Level 0.4 Invocations


You had 10 spell levels left.
You didn't know any spells.
Your spell library contained the following spells:

 Spells                   Type           Power        Failure   Level  Hunger
 Animate Skeleton         Necr           N/A          61%         1    ##.....
 Apportation              Tloc           #.....       61%         1    ##.....
 Confusing Touch          Hex            #.....       61%         1    ##.....
 Magic Dart               Conj           #...         61%         1    ##.....
 Shock                    Conj/Air       #...         61%         1    ##.....
 Summon Small Mammal      Summ           #...         61%         1    ##.....
 Blink                    Tloc           N/A          73%         2    ###....
 Call Imp                 Summ           #.......     73%         2    ###....
 Slow                     Hex            #.......     73%         2    ###....
 Swiftness                Chrm/Air       #.......     73%         2    ###....
 Confuse                  Hex            #.......     89%         3    ####...
 Conjure Flame            Conj/Fire      #.......     89%         3    ####...
 Gell's Gravitas          Tloc           #.........   89%         3    ####...
 Mephitic Cloud           Conj/Pois/Air  #.......     89%         3    ####...
 Static Discharge         Conj/Air       #.......     89%         3    ####...
 Airstrike                Air            #.........   99%         4    #####..
 Petrify                  Tmut/Erth      #.......     99%         4    #####..
 Lightning Bolt           Conj/Air       #.........   100%        5    ######.
 Metabolic Englaciation   Hex/Ice        #.........   100%        5    ######.
 Yara's Violent Unravell  Hex/Tmut       #.........   100%        5    ######.


Dungeon Overview and Level Annotations

Branches:
Dungeon (10/15)            Temple (0/1) D:5
   Lair: D:8-11         Orc: D:9-12

Altars:
Ashenzari
Cheibriados
Elyvilon
Fedhas
Hepliaklqana
Okawaru
Sif Muna
Uskayaw
Vehumet
Wu Jian

Shops:
D:6 :(?*

Annotations:
D:10 Fannar, Josephine, Snorg


Innate Abilities, Weirdness & Mutations

You have a pair of horns on your head.
Your flesh is cold resistant. (rC+)
You are mostly covered in sharp spines.
You are immune to freezing clouds.
When seriously injured, your bleeding wounds create armour. (AC +6)
You are resistant to hostile enchantments. (MR+)
Your system is resistant to poisons. (rPois)


Message History

You barely miss the wraith. Your headbutt misses the wraith.
The wraith is moderately damaged.
You hit Josephine. You slash the worker ant!
You kill the worker ant!
Okawaru accepts your kill. The wraith hits you. The wraith drains your vigour!
You feel yourself slow down. Snorg closely misses you.
Snorg claws you but does no damage. x2
Josephine hits you with a dagger of electrocution.
You slash Snorg!
Snorg is moderately wounded.
You barely miss the wraith. You hit the wraith. You closely miss Josephine.
You feel like a meek peon again. Snorg is struck by your spines.
Snorg bites you!
* * * LOW HITPOINT WARNING * * *
Snorg barely misses you. Snorg claws you!
* * * LOW HITPOINT WARNING * * *
The wraith is struck by your spines.
The wraith hits you but does no damage. x2
Snorg bites you.
You die...

..[.. ...#... .......
#...## ...#...#.......
#.....
..............#####.#.#
.....e....... #......<#
.......W.... #.......#.
..........# #.........
#...WW@.# #.......##
#....@..# ###.........
#....T..# #...........
..........###...........
.........[.......##.....
.................##.....
.................##.....
###........#..=...#.....
#...............#####.
............... .


You could see Snorg (berserk), Fannar, Josephine and 3 wraiths.

Vanquished Creatures
  Erolcha (D:9)
  A two-headed ogre (D:8)
  Pikel (D:4)
  A centaur zombie (D:9)
  Joseph (D:8)
  Maurice (D:8)
  A troll (D:6)
  A hornet (D:8)
  Prince Ribbit (D:5)
  Grinder (D:5)
  Sigmund (D:3)
  A wyvern (D:8)
  6 yaks
  Eustachio (D:5)
  4 humans (D:6)
  A hungry ghost (D:8)
  2 water moccasins (D:8)
  An ice beast (D:7)
  3 orc warriors
  2 sky beasts (D:8)
  2 phantoms
  6 ogres
  4 centaurs
  A big kobold (D:7)
  Blork the orc (D:5)
  5 bullfrogs
  A gnoll sergeant (D:8)
  5 killer bees
  5 wights
  A howler monkey (D:10)
  3 crimson imps
  7 hounds
  4 orc priests
  11 orc wizards
  2 bullfrog skeletons
  2 iguanas
  6 worker ants
  A hound zombie (D:9)
  2 hound skeletons
  4 gnolls
  11 adders
  A shadow imp (D:8)
  2 oozes
  3 adder skeletons
  3 dart slugs
  A worm (D:2)
  6 leopard geckos
  38 orcs
  8 giant cockroaches
  3 goblins
  7 hobgoblins
  7 jackals
  5 quokkas
  5 bats
  7 frilled lizards
  A jackal skeleton (D:9)
  14 kobolds
  2 leopard gecko skeletons (D:8)
  A quokka skeleton (D:4)
  6 rats
236 creatures vanquished.

Vanquished Creatures (others)
  A quokka (D:4)
1 creature vanquished.

Grand Total: 237 creatures vanquished

Notes
Turn   | Place    | Note
-------+----------+-------------------------------------------
     0 | D:1      | Tr0llz0r the Demonspawn Gladiator began the quest for the
                  | Orb.
     0 | D:1      | Reached XP level 1. HP: 16/16 MP: 1/1
   343 | D:1      | Gained mutation: You have a pair of small horns on your
                  | head. [demonic ancestry]
   343 | D:1      | Reached XP level 2. HP: 21/22 MP: 2/2
   839 | D:1      | Reached skill level 3 in Long Blades
   839 | D:1      | Gained mutation: You are partially covered in sharp spines.
                  | [demonic ancestry]
   839 | D:1      | Reached XP level 3. HP: 25/27 MP: 3/3
  1471 | D:2      | Reached XP level 4. HP: 34/34 MP: 4/4
  1872 | D:3      | Reached skill level 1 in Armour
  2010 | D:3      | Found a radiant altar of Vehumet.
  2011 | D:3      | Noticed a centaur
  2022 | D:3      | Killed a centaur
  2022 | D:3      | Reached skill level 4 in Long Blades
  2022 | D:3      | Gained mutation: You have a pair of horns on your head.
                  | [demonic ancestry]
  2022 | D:3      | Reached XP level 5. HP: 16/40 MP: 5/5
  2096 | D:3      | Noticed Sigmund
  2110 | D:3      | Killed Sigmund
  2110 | D:3      | Gained mutation: Your flesh is cold resistant. (rC+)
                  | [demonic ancestry]
  2110 | D:3      | Reached XP level 6. HP: 5/47 MP: 6/6
  2835 | D:4      | Reached skill level 1 in Stealth
  2878 | D:4      | Gained mutation: Your system is resistant to poisons.
                  | (rPois) [potion of mutation]
  2878 | D:4      | Gained mutation: You are resistant to hostile enchantments.
                  | (MR+) [potion of mutation]
  3075 | D:4      | Noticed a slave
  3077 | D:4      | Gained mutation: You are mostly covered in sharp spines.
                  | [demonic ancestry]
  3077 | D:4      | Reached XP level 7. HP: 52/52 MP: 7/7
  3104 | D:4      | Reached skill level 5 in Long Blades
  3120 | D:4      | Noticed Pikel
  3135 | D:4      | Killed Pikel
  3135 | D:4      | Reached skill level 6 in Long Blades
  3135 | D:4      | Reached skill level 1 in Shields
  3135 | D:4      | Gained mutation: When seriously injured, your bleeding
                  | wounds create armour. (AC +6) [demonic ancestry]
  3135 | D:4      | Reached XP level 8. HP: 24/60 MP: 8/8
  3533 | D:4      | Found an iron altar of Okawaru.
  3539 | D:4      | Became a worshipper of Warmaster Okawaru
  3803 | D:5      | Entered Level 5 of the Dungeon
  3892 | D:5      | Found a staircase to the Ecumenical Temple.
  3915 | D:5      | Noticed Prince Ribbit
  3965 | D:5      | Killed Prince Ribbit
  4321 | D:5      | Noticed Eustachio
  4344 | D:5      | Killed Eustachio
  4427 | D:5      | Reached * piety under Okawaru
  4461 | D:5      | Noticed Blork the orc
  4471 | D:5      | Killed Blork the orc
  4471 | D:5      | Reached skill level 7 in Long Blades
  4575 | D:5      | Noticed Grinder
  4601 | D:5      | Killed Grinder
  4601 | D:5      | Reached skill level 5 in Fighting
  4611 | D:5      | Found a shattered altar of Ashenzari.
  4614 | D:5      | Found a blossoming altar of Fedhas.
  4623 | D:5      | Found a hazy altar of Hepliaklqana.
  4691 | D:6      | Found Yheyjos's Book Shoppe.
  4710 | D:6      | Bought a book of Cantrips for 220 gold pieces
  4735 | D:6      | Noticed a troll
  4743 | D:6      | Killed a troll
  4743 | D:6      | Gained mutation: You are immune to freezing clouds.
                  | [demonic ancestry]
  4743 | D:6      | Reached XP level 9. HP: 68/68 MP: 9/9
  4759 | D:6      | Found a deep blue altar of Sif Muna.
  4783 | D:6      | Reached skill level 5 in Dodging
  4806 | D:6      | Found Duchuvai's Magic Scroll Shoppe.
  4816 | D:6      | Reached ** piety under Okawaru
  5231 | D:6      | Reached skill level 8 in Long Blades
  5786 | D:6      | Found Paom Epu's Weapon Boutique.
  5921 | D:6      | Found Erhag's General Store.
  5939 | D:6      | Bought a ration for 55 gold pieces
  6542 | D:7      | Reached *** piety under Okawaru
  6565 | D:7      | Reached XP level 10. HP: 15/77 MP: 10/10
  7081 | D:7      | Reached skill level 9 in Long Blades
  7438 | D:8      | Reached skill level 1 in Axes
  7540 | D:8      | Noticed Joseph
  7554 | D:8      | Killed Joseph
  7554 | D:8      | Reached **** piety under Okawaru
  7681 | D:8      | Found a white marble altar of Elyvilon.
  7789 | D:8      | Noticed Maurice
  8036 | D:8      | Noticed a two-headed ogre
  8050 | D:8      | HP: 1/79 [two-headed ogre/giant club (13)]
  8051 | D:8      | Killed a two-headed ogre
  8051 | D:8      | Reached skill level 5 in Axes
  8051 | D:8      | Reached skill level 5 in Armour
  8107 | D:8      | Reached ***** piety under Okawaru
  8782 | D:8      | Killed Maurice
  8782 | D:8      | Reached XP level 11. HP: 72/84 MP: 11/11
  8934 | D:9      | Noticed Erolcha
  8946 | D:9      | Killed Erolcha
  9277 | D:9      | Found a hide-covered altar of Uskayaw.
  9292 | D:9      | Received a gift from Okawaru
  9500 | D:9      | Found a snail-covered altar of Cheibriados.
  9644 | D:9      | Found an ornate altar of the Wu Jian Council.
  9730 | D:10     | Entered Level 10 of the Dungeon
  9747 | D:10     | Noticed Snorg
  9759 | D:10     | Noticed Josephine
  9761 | D:10     | Noticed Fannar
  9765 | D:10     | Slain by Snorg

Skill      XL: |  1  2  3  4  5  6  7  8  9 10 11 |
---------------+----------------------------------+-----
Throwing       | 2 |  2.6
Dodging        | 3 4 5 6 |  6.1
Long Blades    | 3 4 6 7 8 9 |  9.0
Armour         | 1 2 3 4 5 |  5.9
Fighting       | 3 4 5 6 7 |  7.8
Stealth        | 1 3 4 |  4.4
Shields        | 1 2 3 |  3.2
Axes           | 5 6 |  6.4
Invocations    | |  0.4

Action                   |  1- 3 |  4- 6 |  7- 9 | 10-12 || total
-------------------------+-------+-------+-------+-------++-------
Melee: Long sword        |    74 |    71 |   219 |     4 ||   368
       Headbutt          |    11 |     9 |    52 |    41 ||   113
       War axe           |       |       |       |   212 ||   212
Throw: Throwing net      |       |       |     3 |       ||     3
       Stone             |       |       |     9 |       ||     9
Invok: Heroism           |       |       |       |     3 ||     3
  Use: Scroll            |     6 |     3 |     1 |     6 ||    16
       Potion            |     3 |     3 |     7 |    10 ||    23
 Stab: Sleeping          |       |     2 |     3 |       ||     5
  Eat: Ration            |     1 |     1 |     3 |     5 ||    10
Armor: Leather armour    |    23 |    14 |    36 |     9 ||    82
       Skin              |       |       |     2 |       ||     2
       Plate armour      |       |       |       |   124 ||   124
Dodge: Dodged            |    60 |    64 |   128 |   139 ||   391
Block: Buckler           |       |    14 |    41 |    66 ||   121
       Rpst.: Long sword |    16 |    10 |    48 |     1 ||    75
